 Crawl Stoat Soup version 0.23-ish-327-87-g3a41155e8f (console) character file.

44 ceb the Grave Robber (level 3, 0/21 HPs)
             Began as a Faerie Dragon Necromancer on Mar 30, 2024.
             Slain by Terence
             ... wielding a +2 flail of crushing
              (3 damage)
             ... on level 2 of the Dungeon.
             The game lasted 00:01:27 (809 turns).

ceb the Grave Robber (Faerie Dragon Necromancer)     Turns: 809, Time: 00:01:27

Health: 0/21       AC:  7    Str:  6    XL:     3   Next: 62%
Magic:  6/7        EV: 15    Int: 19    God:
Gold:   35         SH:  6    Dex: 12    Spells: 7/8 levels left

rFire    . . .     SeeInvis .   a - +0 short sword
rCold    . . .     Gourm    .   (shield restricted)
rNeg     . . .     Faith    .   (armour unavailable)
rPois    .         Spirit   .   (helmet restricted)
rElec    .         Warding  .   (no cloak)
rCorr    .         Reflect  .   o - +0 pair of gloves
MR       .....     Harm     .   (no boots)
Stlth    +.........             (no amulet)
HPRegen  0.07/turn              (no ring)
MPRegen  0.10/turn              (no ring)

@: lethally poisoned (0 -> -3), flying
A: small, sparkly, unfitting armour, magic attunement, magical scales, able to
fly
a: Stop Flying


You were on level 2 of the Dungeon.
You were not hungry.

You visited 1 branch of the dungeon, and saw 2 of its levels.

You collected 35 gold pieces.

Inventory:

Hand Weapons
 a - a +0 short sword (weapon)
Armour
 o - a +0 pair of gloves (worn)
Scrolls
 g - a scroll of amnesia {unknown}
 i - a scroll of fog {unknown}
 k - a scroll of identify {unknown}
 m - a scroll of enchant armour {unknown}
Potions
 b - a potion of curing {unknown}
 e - a potion of magic {unknown}
 f - a potion of berserk rage {unknown}
 j - a potion of cancellation {unknown}
 n - a potion of haste {unknown}
Comestibles
 c - a bread ration
 d - 3 chunks of flesh
 h - 2 fruits
 l - a meat ration


   Skills:
 + Level 3.0 Dodging
 - Level 1.2 Stealth
 + Level 3.2 Spellcasting
 + Level 5.3 Necromancy


You had 7 spell levels left.
You knew the following spells:

 Your Spells              Type           Power        Failure   Level  Hunger
a - Necrotise             Necr           23/25        1%          1    None

Your spell library contained the following spells:

 Spells                   Type           Power        Failure   Level  Hunger
 Vampiric Draining        Necr           23/200       4%          3    None
 Animate Dead             Necr           N/A          16%         4    None
 Regeneration             Chrm/Necr      13/200       43%         4    None


Dungeon Overview and Level Annotations

Branches:
Dungeon (2/15)

Altars:

Annotations:
D:2 Terence


Innate Abilities, Weirdness & Mutations

Your sparkly wings attract attention (Stealth-).
You are small and have problems with some larger weapons.
You cannot fit into any form of body armour.
Your spells do not cause hunger; their MP costs are reduced by 1.
Your shimmering scales repel attacks (AC +6, SH +6).
You can fly continuously.


Message History

Press: ? - help, Shift-Dir - straight line, f - frilled lizard
Aim: a frilled lizard (chance to defeat MR: 92%)
The frilled lizard writhes in agony.
You kill the frilled lizard!
Casting: Necrotise (safe; 1% risk of failure)
Confirm with . or Enter, or press ? or * to list all spells.
Aiming: Necrotise (safe; 1% risk of failure)
Press: ? - help, Shift-Dir - straight line, f - Terence
Aim: Terence, wielding a flail of crushing and wearing a scale mail (chance to defeat MR: 88%) Terence writhes in agony.
You feel sick.
Casting: Necrotise (safe; 1% risk of failure)
Confirm with . or Enter, or press ? or * to list all spells.
Aiming: Necrotise (safe; 1% risk of failure)
Press: ? - help, Shift-Dir - straight line, f/p - Terence
Aim: Terence, wielding a flail of crushing and wearing a scale mail (lightly wounded, chance to defeat MR: 88%) Terence writhes in agony.
Terence hits you with a flail of crushing!
Ouch! That really hurt!
* * * LOW HITPOINT WARNING * * *
You die...

.......Z@......
#......@Z.....#
####...##...#.!
#... ### #...
..... ......
#...... #.#####


You could see Terence, a friendly adder skeleton and a friendly goblin skeleton.

Vanquished Creatures
  2 adders (D:2)
  2 dart slugs (D:1)
  4 bats
  2 goblins
  5 hobgoblins
  2 frilled lizards
  4 kobolds (D:1)
  3 rats (D:1)
24 creatures vanquished.

Vanquished Creatures (collateral kills)
  A goblin (D:2)
1 creature vanquished.

Grand Total: 25 creatures vanquished

Notes
Turn   | Place    | Note
-------+----------+-------------------------------------------
     0 | D:1      | ceb the Faerie Dragon Necromancer began the quest for the
                  | Orb.
     0 | D:1      | Reached XP level 1. HP: 11/11 MP: 3/3
   127 | D:1      | Reached skill level 5 in Necromancy
   127 | D:1      | Reached XP level 2. HP: 12/17 MP: 5/5
   797 | D:2      | Reached XP level 3. HP: 21/21 MP: 5/7
   802 | D:2      | Noticed Terence
   809 | D:2      | Slain by Terence

Vault maps used:
D:1:      mushboom_english_gardens
D:2:      overflow_temple_1_default, first_bread, uniq_terence, uniq_sigmund

Skill      XL: |  1  2  3 |
---------------+----------+-----
Necromancy     | 5 |  5.3
Spellcasting   | 3 |  3.2
Dodging        | 3 |  3.0
Stealth        | |  1.2

Action                   || total
-------------------------++-------
Melee: Short sword       ||     1
 Cast: Necrotise         ||    46
Armor: Skin              ||     4
Dodge: Dodged            ||    16
Block: Other             ||     8

Table legend:
 A = Spawn XP
 B = Non-spawn XP
 C = Spawn XP percentage of total XP
 D = Spawn monster count
 E = Non-spawn monster count
 F = Spawn count percentage of total count
 G = Total turns spent on level
                    A         B        C        D         E        F      G
               +---------+---------+-------+---------+---------+-------+---------
         Total |       4 |      60 |   6.2 |       2 |      23 |   8.0 |   809
               +---------+---------+-------+---------+---------+-------+---------
           D:1 |       4 |      27 |  12.9 |       2 |      16 |  11.1 |   794
           D:2 |       0 |      33 |   0.0 |       0 |       7 |   0.0 |    15
               +---------+---------+-------+---------+---------+-------+---------
